 Dungeon Crawl Stone Soup version 0.25-a0-44-g29a1220a87 (webtiles) character file.

Game seed: 13642235026074191785, levelgen mode: deterministic

107 Iscandelvey the Vexing (level 4, -7/33 HPs)
             Began as a Demonspawn Arcane Marksman on Oct 23, 2019.
             Mangled by Terence
             ... wielding a +0 flail
              (10 damage)
             ... on level 3 of the Dungeon.
             The game lasted 00:02:30 (1921 turns).

Iscandelvey the Vexing (Demonspawn Arcane Marksman) Turns: 1921, Time: 00:02:31

Health: -7/33      AC:  2    Str: 11    XL:     4   Next: 56%
Magic:  6/6        EV: 12    Int: 15    God:
Gold:   100        SH:  4    Dex: 13    Spells: 5/6 levels left

rFire    . . .     SeeInvis .   k - +2 dagger (vamp)
rCold    . . .     Gourm    .   (no shield)
rNeg     . . .     Faith    .   e - +0 robe
rPois    .         Spirit   .   (no helmet)
rElec    .         Reflect  .   (no cloak)
rCorr    .         Harm     .   (no gloves)
MR       .....                  (no boots)
Stlth    +.........             (no amulet)
HPRegen  0.11/turn              (no ring)
MPRegen  0.10/turn              (no ring)

@: no status effects
A: large bone plates 1
a: no special abilities


You were on level 3 of the Dungeon.
You were not hungry.

You visited 1 branch of the dungeon, and saw 3 of its levels.

You collected 100 gold pieces.

Inventory:

Hand Weapons
 a - a +0 hunting sling
 k - a +2 vampiric dagger (weapon)
Missiles
 d - 23 sling bullets
 l - 49 stones (quivered)
Armour
 e - a +0 robe (worn)
Jewellery
 m - a cursed ring of attention {unknown}
 n - an uncursed ring of stealth {unknown}
Scrolls
 c - 3 scrolls of amnesia {unknown}
 g - 4 scrolls of identify {unknown}
 h - 4 scrolls of remove curse {unknown}
 j - a scroll of magic mapping {unknown}
 p - a scroll of noise {unknown}
 q - 4 scrolls of teleportation {unknown}
 t - a scroll of enchant armour {unknown}
 u - a scroll of fear {unknown}
Potions
 b - 3 potions of curing
 i - a potion of heal wounds {unknown}
 o - a potion of degeneration {unknown}
 r - a potion of might {unknown}
 s - 2 potions of mutation {unknown}
Comestibles
 f - 9 rations


   Skills:
 * Level 2.2 Fighting
 - Level 2.5(2.6) Slings
 + Level 0.8(1.8) Throwing
 + Level 2.2 Dodging
 + Level 1.5 Spellcasting
 + Level 3.6 Hexes


You had 5 spell levels left.
You knew the following spells:

 Your Spells              Type           Power        Failure   Level  Hunger
a - Corona                Hex            ##.....      5%          1    ##.....

Your spell library contained the following spells:

 Spells                   Type           Power        Failure   Level  Hunger
 Slow                     Hex            ##......     8%          2    ###....
 Inner Flame              Hex/Fire       #.......     32%         3    ####...
 Portal Projectile        Hex/Tloc       #.....       32%         3    ####...
 Cause Fear               Hex            ##........   45%         4    #####..
 Leda's Liquefaction      Hex/Erth       #.........   73%         4    #####..


Dungeon Overview and Level Annotations

Branches:
Dungeon (3/15)

Altars:
Xom

Annotations:
D:3 Terence


Innate Abilities, Weirdness & Mutations

You are partially covered in large bone plates. (SH +4)


Message History

You closely miss Terence.
Terence is heavily wounded.
You hit Terence but do no damage.
Terence is heavily wounded.
Terence closely misses you.
You hit Terence but do no damage.
Terence is heavily wounded.
Terence closely misses you.
You hit Terence.
Terence is heavily wounded.
Terence screams, "I'm going to kill you!"
Terence hits you but does no damage.
You barely miss Terence.
Terence is heavily wounded.
Terence hits you with a +0 flail!
* * * LOW HITPOINT WARNING * * *
You hit Terence.
Terence is severely wounded.
Terence hits you with a +0 flail!
You die...

##..##.....
#..........
#......#+##
#......#.# .......
#......#.#
.......##......#.#
........#......#.#
......#......#.#
.....#......#@#
#..........#@#
#....####..#.#
#....# ##.#.#
#....# #...#
###'## ##..# #.#
#..# #.#######..#
#.........>#


You could see Terence.

Vanquished Creatures
  Jessica (D:2)
  An adder (D:3)
  An ooze (D:2)
  2 dart slugs
  2 leopard geckos
  3 orcs (D:3)
  2 ball pythons
  A giant cockroach (D:2)
  8 goblins
  10 hobgoblins
  2 quokkas (D:2)
  8 bats
  5 kobolds
  8 rats
54 creatures vanquished.

Notes
Turn   | Place    | Note
-------+----------+-------------------------------------------
     0 | D:1      | Iscandelvey the Demonspawn Arcane Marksman began the quest
                  | for the Orb.
     0 | D:1      | Reached XP level 1. HP: 15/15 MP: 2/2
   117 | D:1      | Found a shimmering altar of Xom.
   177 | D:1      | Gained mutation: You are partially covered in large bone
                  | plates. (SH +4) [demonic ancestry]
   177 | D:1      | Reached XP level 2. HP: 21/21 MP: 3/3
   698 | D:2      | Noticed Jessica
   722 | D:2      | Killed Jessica
   722 | D:2      | Reached XP level 3. HP: 20/27 MP: 4/4
  1026 | D:2      | Reached XP level 4. HP: 28/33 MP: 6/6
  1541 | D:3      | HP: 1/33 [orc/+0 club (2)]
  1872 | D:3      | Noticed Terence
  1921 | D:3      | Mangled by Terence

Levels and vault maps discovered:
D:1:      dpeg_arrival_fog, layout_loops_ring, xom_teletrap_fun
D:2:      layout_loops_cross, first_ration, uniq_jessica
D:3:      layout_basic, old_standard_altar, moated_statue, uniq_robin,
          uniq_crazy_yiuf_cottage, uniq_terence

Skill      XL: |  1  2  3  4 |
---------------+-------------+-----
Slings         | 2 |  2.5
Dodging        | 2 |  2.2
Fighting       | 2 |  2.2
Throwing       | |  0.8
Spellcasting   | |  1.5
Hexes          | |  3.6

Action                   |  1- 3 |  4- 6 || total
-------------------------+-------+-------++-------
Melee: Dagger            |    81 |   110 ||   191
 Fire: Hunting sling     |    26 |       ||    26
  Use: Potion            |       |     2 ||     2
 Stab: Sleeping          |       |     3 ||     3
  Eat: Chunk             |       |     3 ||     3
Armor: Robe              |    12 |     8 ||    20
Dodge: Dodged            |    50 |    63 ||   113
Block: Other             |    19 |    16 ||    35

Table legend:
 A = Non-vault XP
 B = Vault XP
 C = Vault XP percentage of total XP
 D = Non-vault monster count
 E = Vault monster count
 F = Vault count percentage of total count
                 A         B        C        D         E       F
            +---------+---------+-------+---------+---------+-------
      Total |     116 |      37 |  24.2 |      53 |       1 |   1.9
            +---------+---------+-------+---------+---------+-------
        D:1 |      34 |       0 |   0.0 |      18 |       0 |   0.0
        D:2 |      48 |      37 |  43.5 |      23 |       1 |   4.2
        D:3 |      34 |       0 |   0.0 |      12 |       0 |   0.0
            +---------+---------+-------+---------+---------+-------
